[Event "Team 45 45 League T70"]
[Site "Internet Chess Club"]
[Date "2016.10.17"]
[Round "6"]
[White "lacibacsi"]
[Black "Knight77"]
[Result "1/2-1/2"]
[WhiteElo "2035"]
[BlackElo "1839"]
[Opening "Sicilian: closed"]
[ECO "B23"]
[Time "15:34:42"]
[TimeControl "2700+45"]

1. e4 c5 2. Nc3 g6 3. g3 Bg7 4. Bg2 d6 5. d3 Nf6 6. h3 Nc6 7. Be3 O-O 8. f4 e5
9. Qd2 exf4 10. gxf4 Be6 11. Nge2 d5 12. Bxc5 Re8 13. e5 d4 14. Ne4 Nxe4 15.
Bxe4 Qh4+ 16. Kd1 Rac8 17. Bxd4 Nxd4 18. Nxd4 Bh6 19. Nxe6 Rxe6 20. Rf1 Rxe5 21.
Qf2 Rh5 22. Qxh4 Rxh4 23. f5 Rxh3 24. fxg6 {Game drawn by mutual agreement}
1/2-1/2

[Event "Team 45 45 League T70"]
[Site "Internet Chess Club"]
[Date "2016.10.16"]
[Round "6"]
[White "Capt-Morgan"]
[Black "Tobiasdelmonte"]
[Result "1-0"]
[WhiteElo "1890"]
[BlackElo "1702"]
[Opening "Alekhine's defense"]
[ECO "B02"]
[Time "19:00:30"]
[TimeControl "2700+45"]

1. e4 Nf6 2. e5 Nd5 3. Nf3 d6 4. c4 Nb6 5. d4 g6 6. Nc3 Bg7 7. exd6 cxd6 8. Be2
O-O 9. O-O Nc6 10. h3 Bf5 11. Bg5 h6 12. Be3 d5 13. b3 Rc8 14. c5 Na8 15. Qd2
Kh7 16. Rad1 Nc7 17. a3 a5 18. Rfe1 Ne8 19. g4 Be6 20. Na4 Nf6 21. Nb6 Ne4 22.
Qc1 Rc7 23. Bf4 f5 24. g5 hxg5 25. Bxc7 Qxc7 26. Nxg5+ Nxg5 27. Qxg5 Nxd4 28.
Rxd4 Qxc5 29. Rh4+ Kg8 30. Qxg6 Qxb6 31. Qh7+ Kf7 32. Bh5+ {Black resigns} 1-0

[Event "Team 45 45 League T70"]
[Site "Internet Chess Club"]
[Date "2016.10.12"]
[Round "6"]
[White "cityprosecutor"]
[Black "fireball"]
[Result "1-0"]
[WhiteElo "1738"]
[BlackElo "1696"]
[Opening "French: King's Indian attack"]
[ECO "C00"]
[Time "19:00:20"]
[TimeControl "2700+45"]

1. e4 e6 2. d3 d5 3. Nd2 c5 4. g3 Nc6 5. Bg2 Nf6 6. f4 Qc7 7. Ngf3 Ng4 8. Qe2 d4
9. Nc4 b5 10. Na3 a6 11. h3 Nf6 12. O-O Be7 13. c3 dxc3 14. bxc3 Bb7 15. Nc2 Rd8
16. Ne3 c4 17. Ne1 cxd3 18. Nxd3 Na5 19. e5 Bxg2 20. Nxg2 Nd5 21. Ne3 Nxc3 22.
Qc2 Nd5 23. Qe2 O-O 24. f5 exf5 25. Nxf5 Bc5+ 26. Kh2 Bb6 27. Bh6 g6 28. Bxf8
Rxf8 29. Nh6+ Kg7 30. Ng4 Nc4 31. Rac1 Qb8 32. Nf6 Nde3 33. Rf4 Qc7 34. Re4 Nf5
35. Nf4 Rd8 36. Rd1 Rxd1 37. Qxd1 Nce3 38. Qe2 Qc2 39. Qxc2 Nxc2 40. N4d5 Ba5
41. e6 fxe6 42. Rxe6 Be1 43. g4 Nfd4 44. Rxa6 Nf3+ 45. Kg2 Nh4+ 46. Kf1 Bg3 47.
Ra7+ Kh6 48. Rxh7+ Kg5 49. Ne4# {Black checkmated} 1-0

[Event "Team 45 45 League T70"]
[Site "Internet Chess Club"]
[Date "2016.10.16"]
[Round "6"]
[White "Portola"]
[Black "passedpawn"]
[Result "1-0"]
[WhiteElo "1692"]
[BlackElo "1863"]
[Opening "Queen's bishop game"]
[ECO "D02"]
[Time "10:00:31"]
[TimeControl "2700+45"]

1. d4 Nf6 2. Nf3 d5 3. Bf4 e6 4. e3 Bd6 5. Ne5 O-O 6. Nd2 c5 7. c3 Nc6 8. Ndf3
Ne7 9. dxc5 Bxc5 10. Nd4 Bd7 11. Bd3 Bxd4 12. exd4 Nc6 13. Qe2 Re8 14. g4 Bc8
15. g5 Nd7 16. Bxh7+ Kxh7 17. Qh5+ Kg8 18. Qxf7+ Kh8 19. Qh5+ Kg8 20. Nf7 Qe7
21. g6 {Black resigns} 1-0

[Event "Team 45 45 League T70"]
[Site "Internet Chess Club"]
[Date "2016.10.16"]
[Round "6"]
[White "spongenotbob"]
[Black "armand068new"]
[Result "1-0"]
[WhiteElo "1889"]
[BlackElo "1557"]
[Opening "QGD Slav defense"]
[ECO "D10"]
[Time "02:17:52"]
[TimeControl "2700+45"]

1. d4 d5 2. c4 c6 3. Nc3 Nf6 4. e3 g6 5. Nf3 Bg4 6. Be2 Bg7 7. O-O O-O 8. cxd5
Nxd5 9. Nxd5 Qxd5 10. h3 Be6 11. Bd2 Nd7 12. Bc3 Nf6 13. b3 Qd7 14. Ne5 Qc8 15.
Rc1 Nd5 16. Bb2 Rd8 17. Nd3 Bh6 18. Nc5 Nxe3 19. fxe3 Bxe3+ 20. Kh2 Bxc1 21.
Qxc1 Qc7+ 22. Kh1 Bd5 23. Bf3 b6 24. Nd3 Bxf3 25. Rxf3 Rd6 26. Ne5 f6 27. Qc4+
e6 28. Rxf6 b5 29. Qc5 Rd5 30. Qc1 Qe7 31. Qg5 Rf8 32. Rxg6+ {Black resigns} 1-0

[Event "Team 45 45 League T70"]
[Site "Internet Chess Club"]
[Date "2016.10.16"]
[Round "6"]
[White "pokerram"]
[Black "arnav07"]
[Result "1/2-1/2"]
[WhiteElo "1522"]
[BlackElo "1510"]
[Opening "Grünfeld: modern exchange variation"]
[ECO "D90"]
[Time "18:00:24"]
[TimeControl "2700+45"]

1. Nf3 Nf6 2. c4 g6 3. Nc3 d5 4. d4 Bg7 5. cxd5 Nxd5 6. e4 Nxc3 7. bxc3 O-O 8.
Be3 c5 9. Qd2 Qa5 10. Rb1 Nc6 11. Rb5 Qd8 12. d5 a6 13. Rb1 Qa5 14. Rc1 Ne5 15.
Nxe5 Bxe5 16. f4 Bg7 17. Be2 Bd7 18. O-O Rad8 19. Rfd1 Ba4 20. Rf1 Qc7 21. c4 e6
22. Bf3 b6 23. e5 exd5 24. cxd5 Rd7 25. d6 Qb8 26. Bg4 Rdd8 27. Rb1 Qa7 28. Qf2
Rfe8 29. Bd1 Bb5 30. Be2 Bd7 31. Bf3 Bb5 32. Be2 Bc6 33. Bf3 Bb5 34. Be2 Bc6 35.
Bf3 Bb5 {Game drawn by repetition} 1/2-1/2

[Event "Team 45 45 League T70"]
[Site "Internet Chess Club"]
[Date "2016.10.15"]
[Round "6"]
[White "JJ12"]
[Black "f5"]
[Result "0-1"]
[WhiteElo "2165"]
[BlackElo "2072"]
[Opening "Sicilian: Nimzovich-Rossolimo attack (with ...g6, without ...d6)"]
[ECO "B31"]
[Time "12:04:13"]
[TimeControl "2700+45"]

1. e4 c5 2. Nf3 Nc6 3. Bb5 g6 4. O-O Bg7 5. c3 Nf6 6. Re1 O-O 7. d3 d6 8. Bg5 h6
9. Bh4 Bd7 10. Nbd2 Ne5 11. Bxd7 Nfxd7 12. Qe2 Re8 13. Red1 Rc8 14. Ne1 Nc6 15.
f4 b5 16. f5 g5 17. Bf2 b4 18. Rdc1 a5 19. a4 Rb8 20. Nc4 Nde5 21. Nxe5 Nxe5 22.
d4 bxc3 23. bxc3 Nd7 24. Nd3 Qc7 25. Rab1 Rxb1 26. Rxb1 cxd4 27. cxd4 Qc4 28.
Rc1 Qxa4 29. e5 dxe5 30. dxe5 Qb5 31. Re1 Qd5 32. h4 Rc8 33. hxg5 hxg5 34. e6
fxe6 35. Qxe6+ Qxe6 36. fxe6 Nf8 37. Nc5 Rc6 38. Re4 Bc3 39. Rg4 Nxe6 40. Nxe6
Rxe6 41. Rxg5+ Kf7 42. Bc5 Re5 43. Rxe5 Bxe5 44. Kf2 a4 45. Ke3 Ke6 46. Ke4 Bg3
47. Ba3 Kf6 48. Bb2+ Kg5 49. Kf3 Bd6 50. g4 e6 51. Bc1+ Kf6 52. Bb2+ Kg6 53. Ba1
a3 54. Bc3 Be7 55. g5 Bxg5 {White resigns} 0-1

[Event "Team 45 45 League T70"]
[Site "Internet Chess Club"]
[Date "2016.10.16"]
[Round "6"]
[White "Pomberito"]
[Black "Monterrey"]
[Result "1/2-1/2"]
[WhiteElo "2079"]
[BlackElo "2044"]
[Opening "French: advance, Paulsen attack"]
[ECO "C02"]
[Time "19:36:47"]
[TimeControl "2700+45"]

1. e4 e6 2. d4 d5 3. e5 c5 4. c3 Nc6 5. Nf3 Qb6 6. a3 Nh6 7. b4 cxd4 8. cxd4 Nf5
9. Be3 f6 10. exf6 gxf6 11. Bd3 Nxe3 12. fxe3 Bh6 13. Qe2 a5 14. b5 Ne7 15. Nc3
O-O 16. O-O e5 17. e4 Bg4 18. Nxd5 Nxd5 19. exd5 Rae8 20. Qc2 Bxf3 21. gxf3
Qxd4+ 22. Kh1 Re7 23. Rad1 Qh4 24. d6 Rg7 25. Qc4+ Qxc4 26. Bxc4+ Kh8 27. Rg1
Be3 28. Rxg7 Kxg7 29. Bd5 b6 30. d7 Rd8 31. Be6 Kg6 32. Rd6 f5 33. Bd5+ Kg7 34.
Bc6 Kf7 35. Rd3 Bc5 36. a4 Ke7 37. Rd2 Rg8 38. h4 h5 39. Rd5 Bd6 40. f4 e4 41.
Rxf5 e3 42. Bf3 Kxd7 43. Bxh5 Rh8 44. Kg2 Ke6 45. Bg4 Rxh4 46. Rg5+ Kf6 47. Kf3
e2 48. Kxe2 Rh2+ 49. Ke3 Ra2 50. Bd1 Ra1 51. Rd5 Ra3+ 52. Ke4 Bc5 53. Rxc5 bxc5
54. b6 Ra1 55. Be2 Rxa4+ 56. Kd5 Rb4 57. Kxc5 Rxb6 58. Kxb6 Kf5 59. Kxa5 Kxf4
{Game drawn because neither player has mating material} 1/2-1/2

[Event "Team 45 45 League T70"]
[Site "Internet Chess Club"]
[Date "2016.10.16"]
[Round "6"]
[White "laurenpar"]
[Black "santiagoelawad"]
[Result "0-1"]
[WhiteElo "1890"]
[BlackElo "2024"]
[Opening "English opening"]
[ECO "A16"]
[Time "22:15:30"]
[TimeControl "2700+45"]

1. c4 Nf6 2. Nc3 c6 3. Nf3 d5 4. e3 g6 5. Be2 Bg7 6. d4 O-O 7. O-O a6 8. Qb3
dxc4 9. Bxc4 Ne8 10. Rd1 Nd6 11. Be2 Be6 12. Qc2 h6 13. b3 Nd7 14. e4 f5 15. d5
cxd5 16. exd5 Bf7 17. Bb2 Rc8 18. Qd2 Rxc3 19. Bxc3 Ne4 20. Bxg7 Nxd2 21. Bxf8
Nxf3+ 22. Bxf3 Kxf8 23. Rac1 Ne5 {White resigns} 0-1

[Event "Team 45 45 League T70"]
[Site "Internet Chess Club"]
[Date "2016.10.14"]
[Round "6"]
[White "primerpaso"]
[Black "Capt-Morgan"]
[Result "0-1"]
[WhiteElo "1832"]
[BlackElo "1855"]
[Opening "English: Carls' Bremen system"]
[ECO "A22"]
[Time "21:00:11"]
[TimeControl "2700+45"]

1. c4 e5 2. Nc3 Nf6 3. g3 Bc5 4. Bg2 c6 5. e3 d5 6. cxd5 cxd5 7. d4 exd4 8. exd4
Bb6 9. Nge2 Nc6 10. O-O O-O 11. h3 h6 12. Be3 Bf5 13. Nf4 Be4 14. Rc1 Re8 15.
Na4 Rc8 16. Qb3 Bc7 17. Bxe4 Bxf4 18. Bg2 Bxe3 19. fxe3 Qd6 20. Kh2 Nh5 21. Qxd5
Qxg3+ 22. Kh1 Qg6 23. Rf3 Nb4 24. Rxc8 Rxc8 25. Qf5 Rc1+ 26. Kh2 Qd6+ 27. Qe5
Qxe5+ 28. dxe5 Nd3 29. e4 Rd1 30. Bf1 Rd2+ 31. Kg1 Nxe5 32. Rf5 f6 33. Rf2 Rd4
34. Nc3 g5 35. Nd5 Kf7 36. Be2 Ng3 37. Nc3 Nxe4 38. Bh5+ Ke6 39. Nxe4 Rxe4 40.
Rc2 Rc4 41. Rd2 Rh4 42. Be2 Rxh3 43. Rd8 Re3 44. Kf2 Re4 45. Rh8 Rh4 46. Rh7 Rb4
47. b3 a5 48. Rxh6 Rh4 49. Rxh4 gxh4 50. Bf1 Kf5 51. Bg2 b6 52. a3 Kg4 53. b4
axb4 54. axb4 h3 55. Bf1 f5 56. Ba6 Kf4 57. b5 Ng4+ 58. Kf1 Kg3 {White resigns}
0-1

[Event "Team 45 45 League T70"]
[Site "Internet Chess Club"]
[Date "2016.10.18"]
[Round "6"]
[White "Jack-ONeill"]
[Black "NashGames"]
[Result "0-1"]
[WhiteElo "2044"]
[BlackElo "2171"]
[Opening "Three knights game"]
[ECO "C46"]
[Time "12:26:30"]
[TimeControl "2700+45"]

1. e4 e5 2. Nf3 Nc6 3. Nc3 Bc5 4. Nxe5 Nxe5 5. d4 Bd6 6. dxe5 Bxe5 7. Bd3 d6 8.
O-O Qh4 9. g3 Qd8 10. Be3 Bxc3 11. bxc3 Nf6 12. Rb1 O-O 13. c4 Re8 14. f3 Bh3
15. Re1 b6 16. Qd2 Qe7 17. Qf2 h5 18. Bd4 Nd7 19. f4 c5 20. Bc3 Nf6 21. Qf3 Rad8
22. a4 Ng4 23. a5 Qb7 24. f5 Qc6 25. axb6 axb6 26. Rb3 Ra8 27. Reb1 Ra6 28. f6
g6 29. Qf4 Re6 30. Ra1 Rxa1+ 31. Bxa1 Qa8 32. Bb2 Ne5 33. Rxb6 Qd8 34. Rb7 Rxf6
35. Qh6 Qc8 36. Bxe5 dxe5 37. Rb5 Qd8 38. Qe3 Ra6 39. Rb1 Qd6 40. Kf2 Kg7 41.
Ke2 Bg4+ 42. Kd2 Ra5 43. Ke1 Ra3 44. Kf2 Be6 45. Rb3 Ra4 46. Rc3 Qd4 47. Be2 Bg4
48. Bf3 Ra1 49. Qxd4 exd4 50. Rb3 Ra2 51. Bxg4 hxg4 {White resigns} 0-1

[Event "Team 45 45 League T70"]
[Site "Internet Chess Club"]
[Date "2016.10.15"]
[Round "6"]
[White "Agarnez"]
[Black "Ptzz"]
[Result "1-0"]
[WhiteElo "2049"]
[BlackElo "1941"]
[Opening "QGD Slav: 4.Nc3"]
[ECO "D15"]
[Time "06:00:34"]
[TimeControl "2700+45"]

1. d4 d5 2. c4 c6 3. Nf3 Nf6 4. Nc3 a6 5. Qb3 e6 6. Bg5 Be7 7. e3 Nbd7 8. Bd3
dxc4 9. Qxc4 c5 10. a4 b5 11. Qa2 c4 12. Be4 Nxe4 13. Nxe4 Qa5+ 14. Ke2 Bxg5 15.
Nfxg5 O-O 16. Qb1 h6 17. Nf3 b4 18. Qc2 Qf5 19. Rhc1 a5 20. Nd6 Qxc2+ 21. Rxc2
Ba6 22. Ke1 Nb6 23. Ne5 b3 24. Rcc1 Nd5 25. Nexc4 Nb4 26. Kd2 Rfd8 27. Rc3 Nc2
28. Rc1 Rab8 29. Ne4 Nb4 30. Rxb3 Na2 31. Rxb8 Rxb8 32. Rc2 Nb4 33. Nxa5 Nxc2
34. Kxc2 Kf8 35. Nc5 Bc8 36. Kc3 Ke8 37. b4 Bd7 38. Kc4 f5 39. b5 g5 40. Nab7
Ke7 41. a5 h5 42. a6 Bc8 43. Na5 Ra8 44. b6 Bxa6+ 45. Nxa6 Rxa6 46. b7 Rxa5 47.
b8=Q Ra2 48. Qc7+ Kf6 49. Qe5+ Kf7 50. d5 {Black resigns} 1-0

[Event "Team 45 45 League T70"]
[Site "Internet Chess Club"]
[Date "2016.10.16"]
[Round "6"]
[White "Holgate"]
[Black "roji"]
[Result "1/2-1/2"]
[WhiteElo "2010"]
[BlackElo "1862"]
[Opening "Caro-Kann: Steinitz variation"]
[ECO "B17"]
[Time "16:00:32"]
[TimeControl "2700+45"]

1. e4 c6 2. d4 d5 3. Nd2 dxe4 4. Nxe4 Nd7 5. Bc4 e6 6. Nf3 Ngf6 7. Nxf6+ Qxf6 8.
O-O h6 9. Re1 Bd6 10. Bb3 O-O 11. Qe2 Re8 12. Ne5 Nf8 13. c3 Qh4 14. g3 Qh3 15.
f4 Bxe5 16. fxe5 b6 17. Bc2 Bb7 18. Be4 Rab8 19. Bg2 Qf5 20. Rf1 Qh7 21. Be4 g6
22. Be3 Nd7 23. Rf4 c5 24. Raf1 Rf8 25. Bd3 Qg7 26. Bb5 Rbd8 27. Rh4 g5 28. Rh5
f5 29. Bc4 Rde8 30. Bd2 Qg6 {Game drawn by mutual agreement} 1/2-1/2

[Event "Team 45 45 League T70"]
[Site "Internet Chess Club"]
[Date "2016.10.14"]
[Round "6"]
[White "drbishop"]
[Black "Tobiasdelmonte"]
[Result "0-1"]
[WhiteElo "1738"]
[BlackElo "1723"]
[Opening "Benkö gambit"]
[ECO "A57"]
[Time "22:06:40"]
[TimeControl "2700+45"]

1. d4 Nf6 2. c4 c5 3. d5 b5 4. Nf3 g6 5. cxb5 a6 6. b6 Bg7 7. Nc3 Qxb6 8. e4 d6
9. h3 O-O 10. Bc4 a5 11. O-O Ba6 12. Qe2 Nbd7 13. a4 Bxc4 14. Qxc4 Qb4 15. Qe2
Rfb8 16. Bd2 Qb7 17. Nb5 Nb6 18. b3 Rc8 19. Rfc1 Nfd7 20. Bc3 Nf6 21. Qe1 c4 22.
Nfd4 cxb3 23. Bxa5 b2 24. Rxc8+ Rxc8 25. Rb1 Nxa4 26. Qb4 Rc1+ 27. Kh2 Rxb1 28.
Qxa4 Ra1 {White resigns} 0-1

[Event "Team 45 45 League T70"]
[Site "Internet Chess Club"]
[Date "2016.10.14"]
[Round "6"]
[White "fishhead"]
[Black "Goli"]
[Result "0-1"]
[WhiteElo "1791"]
[BlackElo "1806"]
[Opening "Robatsch (modern) defense"]
[ECO "B06"]
[Time "17:05:56"]
[TimeControl "2700+45"]

1. e4 g6 2. f4 Bg7 3. Nf3 d6 4. d4 Nf6 5. Bd3 O-O 6. Be3 Nbd7 7. c4 c5 8. d5 e6
9. Nc3 exd5 10. cxd5 Re8 11. O-O Ng4 12. Bd2 c4 13. Bxc4 Qb6+ 14. Kh1 Nf2+ 15.
Rxf2 Qxf2 16. Qc1 Qb6 17. Be3 Qd8 18. b4 a6 19. Rb1 Qc7 20. Ne2 Rxe4 21. Bd3
Qxc1+ 22. Bxc1 Re8 23. Ng3 Nf6 24. Bc4 b5 25. Bb3 Bb7 26. f5 Nxd5 27. Bd2 Ne3
28. fxg6 hxg6 29. Ng5 Nc4 30. Be1 Re5 31. h4 Rae8 32. Bf2 R5e7 33. Rd1 Be5 34.
a4 d5 35. axb5 axb5 36. Nf3 Bxg3 37. Bxg3 Re3 38. Bc2 Rc3 39. Bb1 Re2 40. Nd4
Rd2 41. Rxd2 Nxd2 {White resigns} 0-1

[Event "Team 45 45 League T70"]
[Site "Internet Chess Club"]
[Date "2016.10.22"]
[Round "6"]
[White "Egmont"]
[Black "kidcobra"]
[Result "0-1"]
[WhiteElo "1706"]
[BlackElo "1768"]
[Opening "Budapest: Rubinstein variation"]
[ECO "A52"]
[Time "13:07:59"]
[TimeControl "2700+45"]

1. d4 Nf6 2. c4 e5 3. dxe5 Ng4 4. Bf4 Nc6 5. Nf3 Bb4+ 6. Nbd2 Qe7 7. h3 Ngxe5 8.
Nxe5 Nxe5 9. e3 d6 10. Qa4+ Nc6 11. Qc2 Nd4 12. Qd1 Ne6 13. Bg3 Nc5 14. a3 Bxd2+
15. Qxd2 Nb3 16. Qd1 Nxa1 17. Qxa1 Bf5 18. Be2 O-O 19. O-O Rad8 20. Bf3 Be4 21.
Be2 Bc6 22. b4 Qe4 23. Bf3 Qxc4 24. Rc1 Qb5 25. Bxc6 bxc6 26. Qc3 Rd7 27. Qxc6
Qxc6 28. Rxc6 Rb8 29. e4 f6 30. f3 Kf7 31. Ra6 Rb7 32. Bf2 Ke7 33. Kf1 Rd8 34.
Ke2 Rc8 35. Bg3 Kd7 36. Kd3 c6 37. Kc4 Rcc7 38. Bf4 g5 39. Bg3 Rc8 40. Bf2 Rbc7
41. a4 Rb7 42. a5 Rcc7 43. Bg3 h5 44. h4 Ke6 45. hxg5 fxg5 46. Bh2 Rb5 47. Rxc6
Rxb4+ 48. Kxb4 Rxc6 49. Bg1 a6 50. Be3 Kf6 51. Bd4+ Kg6 52. Bc3 g4 53. f4 h4 54.
f5+ Kg5 55. Bd2+ Kf6 56. Bc3+ Rxc3 57. Kxc3 h3 {White resigns} 0-1

[Event "Team 45 45 League T70"]
[Site "Internet Chess Club"]
[Date "2016.10.15"]
[Round "6"]
[White "Fianchettoed"]
[Black "julesraider"]
[Result "1-0"]
[WhiteElo "1736"]
[BlackElo "1577"]
[Opening "King's Indian: fianchetto, Yugoslav, 7.O-O"]
[ECO "E65"]
[Time "15:00:35"]
[TimeControl "2700+45"]

1. Nf3 Nf6 2. g3 g6 3. Bg2 Bg7 4. O-O d6 5. c4 O-O 6. Nc3 c5 7. d4 h6 8. b3 Nc6
9. Bb2 cxd4 10. Nxd4 Nxd4 11. Qxd4 Nd7 12. Qd2 Qa5 13. Rfd1 Nb6 14. Nd5 Qxd2 15.
Nxe7+ Kh7 16. Rxd2 Bxb2 17. Rxb2 Re8 18. Nxc8 Raxc8 19. Bxb7 Rc7 20. Bf3 f5 21.
Rd1 Nc8 22. h4 Rce7 23. e3 g5 24. hxg5 hxg5 25. Rd4 Kg6 26. b4 f4 27. gxf4 gxf4
28. Rxf4 Re5 29. Rd2 Rg5+ 30. Kf1 Rh8 31. Rg4 Rh1+ 32. Bxh1 Rxg4 33. f4 Kf6 34.
Bb7 Rg8 35. Bxc8 Rxc8 36. Rxd6+ Ke7 37. c5 a5 38. a3 axb4 39. axb4 Rb8 40. Rd4
Ra8 41. Ke2 Ra2+ 42. Kf3 Rc2 43. Ke4 Rc3 44. Kd5 Kd7 45. e4 Rh3 46. b5 Rh5+ 47.
f5 Kc7 48. Ke6 Rh6+ 49. f6 Kc8 50. Ke7 Rh5 51. Rd5 Rh8 52. f7 Rh7 53. Ke8 Kc7
54. f8=Q {Black resigns} 1-0

[Event "Team 45 45 League T70"]
[Site "Internet Chess Club"]
[Date "2016.10.13"]
[Round "6"]
[White "AVEMARIA"]
[Black "dabodhi"]
[Result "1-0"]
[WhiteElo "1642"]
[BlackElo "1324"]
[Opening "French: Tarrasch, open variation"]
[ECO "C07"]
[Time "17:01:37"]
[TimeControl "2700+45"]

1. e4 e6 2. d4 d5 3. Nd2 c5 4. Ngf3 cxd4 5. exd5 Qxd5 6. Bc4 Qd6 7. O-O Nf6 8.
Qe2 Nc6 9. Rd1 Qc7 10. Ne4 Be7 11. Nxd4 Ne5 12. Bb5+ Bd7 13. Bf4 Nd5 14. Bxd7+
Kxd7 15. Bxe5 {Black forfeits on time} 1-0

[Event "Team 45 45 League T70"]
[Site "Internet Chess Club"]
[Date "2016.10.15"]
[Round "6"]
[White "zepled37"]
[Black "evan7284"]
[Result "1-0"]
[WhiteElo "1676"]
[BlackElo "1754"]
[Opening "Petrov: Nimzovich attack"]
[ECO "C42"]
[Time "09:09:55"]
[TimeControl "2700+45"]

1. e4 e5 2. Nf3 Nf6 3. Nxe5 d6 4. Nf3 Nxe4 5. Nc3 Nxc3 6. dxc3 Be7 7. Be3 O-O 8.
Qd2 Bf5 9. Bd3 Qd7 10. O-O-O Nc6 11. h4 a5 12. Bxf5 Qxf5 13. Nd4 Qd7 14. g4 Nxd4
15. Bxd4 Qa4 16. Kb1 c5 17. Be3 Qc6 18. Qd5 Qc7 19. g5 b5 20. h5 b4 21. c4 b3
22. cxb3 a4 23. bxa4 Rxa4 24. Rd3 Qa7 25. a3 Rb8 26. Ka2 Qb6 27. b4 Rba8 28. b5
Qa5 29. Bc1 Qb4 30. Rb3 Qxc4 31. Qxc4 Rxc4 32. Kb2 Rg4 33. Rg3 Rxg3 34. fxg3 Ra5
35. Kc2 Rxb5 36. Re1 Kf8 37. Bb2 Bxg5 38. a4 Rb7 39. Bc3 Bf6 40. Bxf6 gxf6 41.
h6 Re7 42. Rb1 Ra7 43. Rb8+ Ke7 44. Rh8 f5 45. Rxh7 Ra8 46. Rg7 Rh8 47. h7 Kf6
48. Rg8 Rxh7 49. a5 Rh2+ 50. Kb1 Rh1+ 51. Kb2 Re1 52. a6 Re7 53. Rb8 Ra7 54. Rb6
Ke5 55. Kb3 Kd5 56. Ka4 Ra8 57. Kb5 c4 58. Rb7 Rc8 59. a7 Rc5+ 60. Ka6 Rc6+ 61.
Kb5 Rc5+ 62. Kb4 Rc8 63. Rb8 Rxb8+ 64. axb8=Q {Black forfeits on time} 1-0

[Event "Team 45 45 League T70"]
[Site "Internet Chess Club"]
[Date "2016.10.16"]
[Round "6"]
[White "GrandUnified"]
[Black "justice02"]
[Result "1-0"]
[WhiteElo "1581"]
[BlackElo "1677"]
[Opening "French defense"]
[ECO "C00"]
[Time "20:00:51"]
[TimeControl "2700+45"]

1. e4 e6 2. Nf3 d5 3. exd5 exd5 4. d4 Bd6 5. g3 Bg4 6. Bg2 Ne7 7. O-O O-O 8.
Nbd2 Nd7 9. a4 c5 10. a5 cxd4 11. Nb3 Nc6 12. a6 Nc5 13. axb7 Rb8 14. Nbxd4 Nxd4
15. Qxd4 Rxb7 16. Qxd5 Qc7 17. b3 Rd8 18. Qc4 Be6 19. Qe2 Rb4 20. Be3 a5 21. Nd4
Bc8 22. Rfb1 Re8 23. c3 Rb8 24. Nb5 Qe7 25. Nxd6 Qxd6 26. Qc4 Ne6 27. Rxa5 Bb7
28. Bxb7 Rxb7 29. Rd5 Qe7 30. b4 Rc7 31. Qd3 Qf6 32. c4 Rec8 33. c5 Qf3 34. Rd1
h5 35. h4 Qg4 36. Rb1 g6 37. Kg2 Ng7 38. Rd4 Qe6 39. Rd8+ Rxd8 40. Qxd8+ Kh7 41.
Qd3 Rd7 42. Qb3 Qe4+ 43. Kg1 Rd3 44. Qa2 Qf3 45. Re1 Qg4 46. b5 Qb4 47. Rb1 Qe4
48. Re1 Qb7 49. Qb1 Qd7 50. c6 Qd6 51. b6 Nf5 52. Bf4 Qxc6 53. b7 Nd4 54. Qxd3
Nf3+ 55. Qxf3 Qxf3 56. b8=Q {Black resigns} 1-0

[Event "Team 45 45 League T70"]
[Site "Internet Chess Club"]
[Date "2016.10.16"]
[Round "6"]
[White "Grenadier"]
[Black "bradleyguo175"]
[Result "1-0"]
[WhiteElo "1618"]
[BlackElo "1587"]
[Opening "Sicilian: closed"]
[ECO "B24"]
[Time "09:30:35"]
[TimeControl "2700+45"]

1. e4 c5 2. Nc3 Nc6 3. g3 d5 4. Nxd5 e6 5. Nc3 b6 6. Bg2 Bb7 7. d3 Nf6 8. Nge2
g6 9. Be3 Bg7 10. Qd2 Ng4 11. Bg5 f6 12. Be3 Nxe3 13. Qxe3 O-O 14. h4 f5 15.
exf5 exf5 16. Bxc6 Bxc6 17. Qe6+ Kh8 18. Qxc6 Re8 19. O-O Rc8 20. Qd5 Qxd5 21.
Nxd5 Rxe2 22. Nc3 Rxc2 23. Nb5 Rxb2 24. Rab1 Rxa2 25. Rfe1 Bd4 26. Re7 Bxf2+ 27.
Kf1 Bxg3 28. Rxa7 Rf2+ 29. Kg1 Re8 30. Nd6 Ree2 31. Nf7+ Kg7 32. Ng5+ Kf8 33.
Nxh7+ Ke8 34. Nf6+ Kd8 35. Ra8+ Ke7 36. Nd5+ Kd6 37. Nxb6 Rg2+ 38. Kh1 Rh2+ 39.
Kg1 Reg2+ 40. Kf1 Bf2 41. Nc4+ Ke7 42. Rb7+ Ke6 43. Ra6+ Kd5 44. Rd7# {Black
checkmated} 1-0

[Event "Team 45 45 League T70"]
[Site "Internet Chess Club"]
[Date "2016.10.15"]
[Round "6"]
[White "Electryon"]
[Black "GoIrish"]
[Result "0-1"]
[WhiteElo "1396"]
[BlackElo "1509"]
[Opening "English, 1...Nf6 (Anglo-Indian defense)"]
[ECO "A15"]
[Time "14:04:16"]
[TimeControl "2700+45"]

1. c4 Nf6 2. g3 g6 3. Bg2 Bg7 4. Nc3 O-O 5. e4 d6 6. Nge2 c5 7. O-O Nbd7 8. d3
a6 9. Bg5 Rb8 10. a4 h6 11. Bd2 Ne5 12. Qc2 Bd7 13. f4 Nc6 14. Nd5 e6 15. Nxf6+
Bxf6 16. Bc3 Nb4 17. Qd2 Bg7 18. Bxg7 Kxg7 19. Qc3+ Kg8 20. d4 b5 21. dxc5 dxc5
22. axb5 axb5 23. Rfd1 bxc4 24. Qxc4 Qc7 25. Rd2 Bb5 26. Qc3 Bxe2 27. Rxe2 Rfd8
28. e5 c4 29. Ra4 Rd1+ 30. Re1 Rxe1+ 31. Qxe1 Nd3 32. Qd2 Qc5+ 33. Kh1 Nf2+ 34.
Kg1 Ne4+ {White resigns} 0-1

[Event "Team 45 45 League T70"]
[Site "Internet Chess Club"]
[Date "2016.10.16"]
[Round "6"]
[White "Elalfer"]
[Black "Packerfan"]
[Result "0-1"]
[WhiteElo "1607"]
[BlackElo "1711"]
[Opening "Budapest: Fajarowicz variation"]
[ECO "A51"]
[Time "14:30:42"]
[TimeControl "2700+45"]

1. d4 Nf6 2. c4 e5 3. dxe5 Ne4 4. a3 d6 5. Nf3 Nc6 6. Qd5 Nc5 7. Ng5 Qe7 8. exd6
cxd6 9. Qd1 Bf5 10. Nc3 Nd3+ 11. Kd2 Qxg5+ {White resigns} 0-1

[Event "Team 45 45 League T70"]
[Site "Internet Chess Club"]
[Date "2016.10.15"]
[Round "6"]
[White "tryanything"]
[Black "Pawnchain"]
[Result "1-0"]
[WhiteElo "1605"]
[BlackElo "1451"]
[Opening "Queen's pawn game"]
[ECO "A46"]
[Time "04:56:24"]
[TimeControl "2700+45"]

1. d4 Nf6 2. Nf3 e6 3. Bf4 Be7 4. e3 d5 5. Bd3 b6 6. h3 Bb7 7. O-O Nbd7 8. Nbd2
Bd6 9. Ne5 O-O 10. Bg3 Ne4 11. Bxe4 dxe4 12. Nxd7 Qxd7 13. Bxd6 cxd6 14. Rc1 f5
15. f4 exf3 16. Nxf3 Rac8 17. c4 h6 18. b3 a5 19. c5 dxc5 20. dxc5 Qxd1 21.
Rfxd1 bxc5 22. Ne5 Bd5 23. Nd7 Rf7 24. Nxc5 Rfc7 25. Nd3 Rxc1 26. Rxc1 Rxc1+ 27.
Nxc1 a4 28. b4 Bc4 29. a3 e5 30. Kf2 Kf7 31. Ne2 g5 32. Nc3 Ke6 33. Nxa4 Kd5 34.
Nb6+ Ke4 35. Nxc4 f4 36. exf4 Kd3 37. Nxe5+ Kc3 38. b5 {Black resigns} 1-0

[Event "Team 45 45 League T70"]
[Site "Internet Chess Club"]
[Date "2016.10.17"]
[Round "6"]
[White "Portola"]
[Black "kllrchris"]
[Result "1-0"]
[WhiteElo "1710"]
[BlackElo "1722"]
[Opening "King's Indian: London system"]
[ECO "A48"]
[Time "19:03:26"]
[TimeControl "2700+45"]

1. d4 Nf6 2. Nf3 g6 3. Bf4 Bg7 4. h3 d6 5. e3 O-O 6. c3 Nbd7 7. Nbd2 Nh5 8. Bh2
c5 9. Bc4 h6 10. Qc2 cxd4 {Black resigns} 1-0

[Event "Team 45 45 League T70"]
[Site "Internet Chess Club"]
[Date "2016.10.14"]
[Round "6"]
[White "SimplyAbed"]
[Black "zap2"]
[Result "1/2-1/2"]
[WhiteElo "1902"]
[BlackElo "1760"]
[Opening "Old Indian defense"]
[ECO "A42"]
[Time "07:53:30"]
[TimeControl "2700+45"]

1. d4 d6 2. c4 e5 3. dxe5 dxe5 4. Qxd8+ Kxd8 5. a3 c6 6. Nc3 Nf6 7. Bg5 Nd7 8.
O-O-O Kc7 9. e4 Ng4 10. Nh3 f6 11. Bh4 Bc5 12. Be2 h5 13. Bg3 a6 14. Rd3 h4 15.
Bxg4 hxg3 16. Rxg3 Bf8 17. Rd1 b5 18. cxb5 axb5 19. f4 Nc5 20. Bxc8 Rxc8 21.
fxe5 fxe5 22. Kc2 Ne6 {Game drawn by mutual agreement} 1/2-1/2